 Dungeon Crawl Stone Soup version 0.29.0-15-g675c0067aa (webtiles) character file.

Game seed: 6984295053530750045

375 Persephone the Cleaver (level 6, -7/50 (52) HPs)
             Began as a Hill Orc Fighter on Sept 11, 2022.
             Was an Initiate of Hepliaklqana.
             Mangled by an ogre
             ... wielding a +0 giant spiked club
              (26 damage)
             ... on level 4 of the Dungeon.
             The game lasted 00:07:47 (4800 turns).

Persephone the Cleaver (Hill Orc Fighter)           Turns: 4800, Time: 00:07:47

HP:   -7/50 (52)    AC:  9    Str: 21    XL:     6   Next: 72%
MP:   6/6           EV:  9    Int:  8    God:    Hepliaklqana [......]
Gold: 114           SH:  4    Dex: 10    Spells: 5/5 levels left

rFire   . . .      SeeInvis .   l - +0 broad axe
rCold   . . .      Faith    .   c - +0 buckler
rNeg    . . .      Spirit   .   b - +0 scale mail
rPois   .          Reflect  .   d - +0 helmet
rElec   .          Harm     .   i - +0 cloak
rCorr   .          Rampage  .   (no gloves)
Will    .....                   (no boots)
Stlth   ..........              (no amulet)
HPRegen 0.16/turn               (no ring)
MPRegen 0.10/turn               (no ring)

@: lightly drained
A: no striking features
a: Renounce Religion


You were on level 4 of the Dungeon.
You worshipped Hepliaklqana.
Hepliaklqana was noncommittal.
You visited 2 branches of the dungeon, and saw 6 of its levels.
You also visited: Sewer.

You collected 218 gold pieces.
You spent 104 gold pieces at shops.

Inventory:

Hand Weapons
 l - a +0 broad axe (weapon)
Missiles
 r - 2 throwing nets (quivered)
Armour
 b - a +0 scale mail (worn)
 c - a +0 buckler (worn)
 d - a +0 helmet (worn)
 i - a +0 cloak (worn)
Jewellery
 s - an amulet of the acrobat
Wands
 o - a wand of paralysis (7)
Scrolls
 j - 6 scrolls of identify {unknown}
 k - 4 scrolls of amnesia {unknown}
 p - a scroll of magic mapping
Potions
 a - a potion of resistance {unknown}
 e - 3 potions of haste {unknown}
 f - a potion of heal wounds
 g - a potion of attraction {unknown}
 h - 2 potions of lignification {unknown}
 m - 2 potions of curing
 n - 3 potions of flight
 q - 2 potions of might
 t - a potion of cancellation {unknown}


   Skills:
 + Level 3.8 Fighting
 + Level 8.8 Axes
 - Level 3.5 Armour
 - Level 3.4 Shields
 + Level 0.0 Invocations


You had 5 spell levels left.
You didn't know any spells.
Your spell library contained the following spells:

 Spells                   Type           Power      Damage    Failure   Level
 Beastly Appendage        Tmut           0%         N/A       83%         1
 Passwall                 Tmut/Erth      0%         N/A       93%         2
 Alistair's Intoxication  Tmut/Pois      0%         N/A       100%        5
 Irradiate                Conj/Tmut      0%         3d11      100%        5
 Dragon Form              Tmut           0%         N/A       100%        7


Dungeon Overview and Level Annotations

Branches:
Dungeon (5/15)             Temple (1/1) D:4           Sewer (visited)

Altars:
Dithmenos
Elyvilon
Gozag
Hepliaklqana
Kikubaaqudgha
Makhleb
Nemelex Xobeh
Qazlal
Ru
Sif Muna
Trog
Wu Jian
Xom
Zin
Ignis

Shops:
D:2 !((!


Message History

Key pressed, stopping explore.
Key pressed, stopping explore.
Found 6 curare-tipped darts.
No target in view!
Found a white marble altar of Elyvilon.
Key pressed, stopping explore.
Key pressed, stopping explore.
Key pressed, stopping explore.
Key pressed, stopping explore.
Key pressed, stopping explore.
Found a robe.
Key pressed, stopping explore.
You see here a +0 robe.
j - 6 scrolls labelled UCAFRI QYZIYCH (gained 1) Key pressed, stopping explore.
k - 4 scrolls labelled QEINEU YHI GANN (gained 1)
An ogre comes into view. It is wielding a +0 giant spiked club.
The ogre shouts!
An ogre is nearby!
An ogre is nearby!
An ogre is nearby!
The ogre barely misses you.
You slash the ogre!
The ogre is moderately wounded.
The ogre hits you with a +0 giant spiked club!!
Ouch! That really hurt!
You are too injured to fight recklessly!
You are too injured to fight recklessly!
You are too injured to fight recklessly!
You are too injured to fight recklessly!
You are too injured to fight recklessly!
You are too injured to fight recklessly!
You are too injured to fight recklessly!
An ogre is nearby!
An ogre is nearby!
You hit the ogre.
The ogre is heavily wounded.
The ogre hits you with a +0 giant spiked club!!
Ouch! That really hurt!
You die...

### ...
... #.#
#.# #O#
#@# #.#
#.#
#.###
#...#
###.#
#####
#.#
#≈≈≈##
#.#
≈≈⌠≈≈##
#.#
####


You could see an ogre.

Vanquished Creatures
  2 kobold brigands (Sewer)
  Robin (D:2)
  7 gnolls
  3 adders
  4 river rats
  3 worms
  3 dart slugs
  An orc (D:3)
  5 ball pythons
  3 bats
  4 endoplasms
  3 giant cockroaches (D:3)
  13 goblins
  5 hobgoblins
  4 jackals
  6 kobolds
  5 quokkas
  3 frilled lizards
  10 rats
85 creatures vanquished.

Vanquished Creatures (others)
  6 plants (D:3)
6 creatures vanquished.

Grand Total: 91 creatures vanquished

Notes
Turn   | Place    | Note
-------+----------+-------------------------------------------
     0 | D:1      | Persephone the Hill Orc Fighter began the quest for the
                  | Orb.
     0 | D:1      | Reached XP level 1. HP: 19/19 MP: 1/1
   315 | D:1      | Reached XP level 2. HP: 25/27 MP: 2/2
   324 | D:1      | Reached skill level 3 in Axes
   700 | D:1      | Got the Folio of the Impact and Reformation
   998 | D:2      | Reached XP level 3. HP: 33/33 MP: 3/3
  1006 | D:2      | Reached skill level 4 in Axes
  1081 | D:2      | Found Tuokhou's Distillery.
  1137 | D:2      | Noticed Robin
  1166 | D:2      | Killed Robin
  1167 | D:2      | Reached skill level 5 in Axes
  1167 | D:2      | Reached XP level 4. HP: 10/40 MP: 4/4
  1479 | D:2      | Found Wysuil's Distillery.
  1505 | D:2      | Found Ymeysuy's Weapon Emporium.
  1570 | D:2      | Found Eplav's Antique Weapon Emporium.
  1734 | D:2      | Bought a broad axe for 104 gold pieces
  2213 | D:3      | Found a sacrificial altar of Ru.
  2480 | D:3      | Found a glowing drain.
  2517 | Sewer    | Entered a sewer
  2521 | Sewer    | Reached skill level 6 in Axes
  2526 | Sewer    | Reached XP level 5. HP: 38/46 MP: 5/5
  2737 | Sewer    | Noticed a kobold brigand
  2738 | Sewer    | Noticed a kobold brigand
  2752 | Sewer    | Killed a kobold brigand
  2753 | Sewer    | Reached skill level 7 in Axes
  2756 | Sewer    | Killed a kobold brigand
  2757 | Sewer    | Reached skill level 8 in Axes
  2757 | Sewer    | Reached XP level 6. HP: 33/52 MP: 6/6
  2881 | Sewer    | Found a white marble altar of Elyvilon.
  3574 | D:3      | Found a burning altar of Makhleb.
  3691 | D:3      | Found a faded altar of an unknown god.
  4436 | D:4      | Found a staircase to the Ecumenical Temple.
  4493 | Temple   | Entered the Ecumenical Temple
  4505 | Temple   | Became a worshipper of Hepliaklqana the Forgotten
  4639 | D:5      | Entered Level 5 of the Dungeon
  4734 | D:4      | Found a white marble altar of Elyvilon.
  4800 | D:4      | Mangled by an ogre

Illustrated notes

Levels and vault maps discovered:
D:1:      saegor_arrival_simple_d, layout_loops_ring, kennysheep_doodads
D:2:      layout_loops_ring, serial_shops, nicolae_shop_stone,
          nicolae_shop_window_shopping, shop, nicolae_lakefront_shop, uniq_robin
D:3:      wad_woods_settlement, layout_basic, nicolae_ru_awakened_eye,
          lemuel_crystal_altar, dreamdust_ecumenical_altar_hidden_monk_grotto,
          gup_sewer_entry_spiral
D:4:      minmay_razor_zed, layout_loops_ring, nicolae_elyvilon_temple_path,
          temple_hall, uniq_crazy_yiuf_cottage
D:5:      layout_layer_cave, columned_hall_lemuel, corexii_hall_statues_x,
          uniq_grinder
Temple:   pdpol_scorched_temple

Skill      XL: |  1  2  3  4  5 |
---------------+----------------+-----
Axes           | 3 5 6 8 |  8.8
Fighting       | |  3.8
Armour         | |  3.5
Shields        | |  3.4

Action                   |  1- 3 |  4- 6 || total
-------------------------+-------+-------++-------
Melee: War axe           |    78 |    12 ||    90
       Broad axe         |       |   178 ||   178
  Use: Potion            |     1 |       ||     1
       Scroll            |       |     2 ||     2
Armor: Scale mail        |    51 |    74 ||   125
Dodge: Dodged            |    41 |    72 ||   113
Block: Buckler           |    14 |    36 ||    50
